 Dungeon Crawl Stone Soup version 0.32-a0-995-gb4a59205af (webtiles) character file.

Game seed: 6455231307327049191

703 protoss039 the Digger (level 7, 0/49 (54) HPs)
             Began as a Demonspawn Earth Elementalist on Apr 22, 2024.
             Slain by a wight
             ... wielding a +2 great sword
              (2 damage)
             ... on level 4 of the Dungeon.
             The game lasted 00:06:17 (3740 turns).

protoss039 the Digger (DsEE)                        Turns: 3740, Time: 00:06:18

HP:   0/49 (54)     AC:  3    Str:  8    XL:     7   Next: 39%
MP:   0/13          EV:  9    Int: 17    God:
Gold: 223           SH:  4    Dex: 14    Spells: 10/14 levels left

rFire   . . .        i - +2 short sword (venom)
rCold   . . .        e - +0 buckler
rNeg    . . .        f - +0 leather armour
rPois   .            (no helmet)
rElec   .            (no cloak)
rCorr   .            (no gloves)
SInv    .            (no boots)
Will    .....        c - amulet of guardian spirit
Stlth   ++           a - ring of flight
HPRegen 0.28/turn    (no ring)
MPRegen 0.26/turn

%: guardian spirit
@: flying, wreathed by umbra, drained
A: hooves 2, magic regeneration, foul shadow 1
a: no special abilities


You were on level 4 of the Dungeon.
You visited 1 branch of the dungeon, and saw 6 of its levels.
You also visited: Sewer.

You collected 223 gold pieces.

Inventory:

Hand Weapons
 i - a +2 short sword of venom (weapon)
 p - the +4 dagger of Stickiness {heavy, rC++ rCorr}
   (You found it on level 2 of the Dungeon)

   rC++:      It greatly protects you from cold.
   rCorr:     It protects you from acid and corrosion.
 r - a +2 whip of distortion
Missiles
 s - 15 poisoned darts
Armour
 e - a +0 buckler (worn)
 f - a +0 leather armour (worn)
Magical Staves
 k - a staff of alchemy
Jewellery
 a - a ring of flight (left hand)
 c - an amulet of guardian spirit (around neck)
Wands
 j - a wand of warping (7)
 y - a wand of polymorph (7)
Scrolls
 d - a scroll of torment {unknown}
 g - a scroll of amnesia {unknown}
 h - a scroll of immolation {unknown}
 m - a scroll of identify
 n - a scroll of enchant weapon {unknown}
 o - a scroll of acquirement {unknown}
 u - 3 scrolls of teleportation {unknown}
 w - a scroll of poison {unknown}
Potions
 b - 3 potions of magic
 l - a potion of resistance {unknown}
 q - a potion of haste
 t - a potion of cancellation
 v - a potion of experience {unknown}
 x - a potion of curing {unknown}
 z - a potion of heal wounds


   Skills:
 + Level 4.1 Fighting
 - Level 1.7 Dodging
 - Level 1.7 Stealth
 + Level 4.3 Spellcasting
 - Level 3.0 Conjurations
 + Level 4.8 Earth Magic


You had 10 spell levels left.
You knew the following spells:

 Your Spells              Type           Power      Damage    Failure   Level
a - Sandblast             Erth           40%        2d10      4%          1
b - Passwall              Erth           20%        N/A       14%         3

Your spell library contained the following spells:

 Spells                   Type           Power      Damage    Failure   Level
 Magic Dart               Conj           52%        1d5       11%         1
 Stone Arrow              Conj/Erth      34%        3d9       22%         3
 Blink                    Tloc           6%         N/A       47%         2
 Call Imp                 Summ           6%         N/A       47%         2
 Brom's Barrelling Bould  Conj/Erth      17%        2d4       56%         4
 Petrify                  Alch/Erth      11%        N/A       78%         4


Dungeon Overview and Level Annotations

Branches:
Dungeon (6/15) Zot: 26712   Sewer (visited)
 Temple: D:4-7

Altars:

Shops:
D:1 !?   D:4 *

Annotations:
D:4 Menkaure


Innate Abilities, Weirdness & Mutations

You have hoof-like feet.
You regenerate magic rapidly.
You are faintly shadowed, very rarely releasing foul flame when damaged in melee.


Message History

Casting: Sandblast (safe; 5% risk of failure)
Confirm with . or Enter, or press ? or * to list all spells.
You don't have enough magic to cast this spell.
Unknown command.
A wight is nearby!
A wight is nearby!
You are too injured to fight recklessly!
A wight is nearby!
You are too injured to fight recklessly!
A wight is nearby!
You are too injured to fight recklessly!
Unknown command.
You are too injured to fight recklessly!
Found a fuming purple potion.
The wight hits you with a +0 spear.
You feel drained.
* * * LOW HITPOINT WARNING * * *
The wight is seared by the foul flame within you.
The wight resists.
The wight is almost destroyed.
You hit the wight.
You destroy the wight!
Your magical contamination has completely faded away. 2 wights come into view.
A wight is wielding a +2 great sword and wearing a +2 robe of resistance.
Things that are here:
a +0 spear; a +0 robe
Found 15 gold pieces.
Found a scroll of identify.
The wight attacks as it pursues you! The wight barely misses you.
You see here a fuming purple potion.
The wight barely misses you.
You see here 15 gold pieces.
You see here a scroll of identify.
The wight attacks as it pursues you! You block the wight's attack.
You are too injured to fight recklessly!
You block the wight's attack. The wight completely misses you.
The wight hits you with a +2 great sword!!
* * * LOW HITPOINT WARNING * * *
You feel drained.
You die...

.. .... #.. ...
##.. ..####.
#...####.......
#..............
#..............
.##
#..............
...
#......z.......
...
#....z@........
...
#...?..........
.#.
#...$..#.......
...
#......#.......
...
#.!....##.....#
#..
#......##....##
###
#............#
#.
#............#
#.
#............
#.


You could see 2 wights.

Vanquished Creatures
  2 ogres (D:5)
  Blork the orc (D:4)
  2 kobold brigands (Sewer)
  A scorpion (D:3)
  A wight (D:4)
  A bombardier beetle (D:6)
  Ijyb (D:4)
  Natasha (D:4)
  4 adders (D:2)
  2 dart slugs
  6 orcs (D:3)
  14 ball pythons
  6 bats
  10 endoplasms
  7 giant cockroaches
  9 goblins
  6 hobgoblins
  2 jackals (D:2)
  3 quokkas
  3 frilled lizards
  13 kobolds
  6 rats
101 creatures vanquished.

Notes
Turn   | Place    | Note
-------+----------+-------------------------------------------
     0 | D:1      | protoss039 the Demonspawn Earth Elementalist began the
                  | quest for the Orb.
     0 | D:1      | Reached XP level 1. HP: 13/13 MP: 3/3
    48 | D:1      | Found Rocroopn's Magic Scroll Emporium.
   122 | D:1      | Gained mutation: You have large cloven feet. [demonic
                  | ancestry]
   122 | D:1      | Reached XP level 2. HP: 16/20 MP: 0/5
   181 | D:1      | Reached skill level 1 in Fighting
   549 | D:1      | Found Felorgh's Distillery.
   884 | D:2      | Identified the +4 dagger of Stickiness {heavy, rC++ rCorr}
   931 | D:2      | Reached XP level 3. HP: 25/26 MP: 6/6
  1441 | D:2      | Reached XP level 4. HP: 33/33 MP: 4/8
  2090 | D:3      | Learned a level 3 spell: Passwall
  2377 | D:3      | Found a glowing drain.
  2382 | Sewer    | Entered a sewer
  2501 | Sewer    | Noticed a kobold brigand
  2503 | Sewer    | Killed a kobold brigand
  2504 | Sewer    | Gained mutation: You have hoof-like feet. [demonic
                  | ancestry]
  2504 | Sewer    | Reached XP level 5. HP: 39/39 MP: 9/9
  2638 | Sewer    | HP: 1/39 [kobold brigand/+4 dagger of freezing (3)]
  2943 | D:3      | Gained mutation: You regenerate magic rapidly. [demonic
                  | ancestry]
  2943 | D:3      | Reached XP level 6. HP: 40/47 MP: 2/11
  3138 | D:3      | You are sucked into a shaft and drop 3 floors!
  3189 | D:6      | HP: 1/47 [burnt (4)]
  3250 | D:5      | Entered Level 5 of the Dungeon
  3437 | D:5      | Gained mutation: You are faintly shadowed, very rarely
                  | releasing foul flame when damaged in melee. [demonic
                  | ancestry]
  3437 | D:5      | Reached XP level 7. HP: 34/53 MP: 3/13
  3478 | D:4      | Noticed Blork the orc
  3483 | D:4      | Killed Blork the orc
  3542 | D:4      | Noticed Menkaure
  3547 | D:4      | Found Kuclodel's Assorted Antiques.
  3561 | D:4      | Noticed Ijyb
  3572 | D:4      | Killed Ijyb
  3693 | D:4      | Noticed Natasha
  3696 | D:4      | Killed Natasha
  3740 | D:4      | HP: 2/51 [wight/+2 great sword (15)]
  3740 | D:4      | Slain by a wight

Illustrated notes

Levels and vault maps discovered:
D:1:      doesnt_arrival_eight_statues, layout_basic, serial_shops, shop_statue,
          nicolae_shop_window_shopping, minmay_tripent
D:2:      layout_basic, chequers_avenue
D:3:      layout_rooms, mainiacjoe_sewer_entry_somewhere_in_here_1,
          minmay_unequal
D:4:      layout_basic, trog_hazing_becter, serial_shops, shop,
          nicolae_shop_back_alley_shop, uniq_menkaure, uniq_blork_the_orc,
          uniq_ijyb, uniq_natasha
D:5:      layout_basic, minmay_temple_entry_butterflies
D:6:      layout_loops_corners, dreamdust_divine_triumvirate, serial_shops,
          shop, uniq_eustachio, uniq_edmund

Skill      XL: |  1  2  3  4  5  6  7 |
---------------+----------------------+-----
Fighting       | 1 2 3 4 |  4.1
Earth Magic    | 3 4 |  4.8
Spellcasting   | 3 4 |  4.3
Conjurations   | 2 3 |  3.0
Dodging        | |  1.7
Stealth        | |  1.7

Action                     |  1- 3 |  4- 6 |  7- 9 || total
---------------------------+-------+-------+-------++-------
  Melee: Dagger            |    10 |       |       ||    10
         Unarmed           |     1 |       |     3 ||     4
         Short sword       |    32 |    49 |     8 ||    89
         Kick              |    11 |    17 |     3 ||    31
   Cast: Sandblast         |    25 |    53 |    22 ||   100
         Passwall          |       |     1 |       ||     1
  Evoke: Wand              |       |     2 |       ||     2
    Use: Scroll            |       |     3 |       ||     3
         Potion            |       |     4 |       ||     4
   Stab: Sleeping          |     2 |     1 |     1 ||     4
 Armour: Robe              |    10 |       |       ||    10
         Leather armour    |    20 |    51 |    15 ||    86
  Dodge: Dodged            |    21 |    37 |    13 ||    71
  Block: Buckler           |     6 |    15 |     6 ||    27

Table legend: (Time is in decaauts)
 A = Elapsed time spent in this place.
 B = Non-inter-level travel time spent in this place.
 C = Inter-level travel time spent in this place.
 D = Time resting spent in this place.
 E = Time spent auto-exploring this place.
 F = Levels seen in this place.
 G = Mean time per level.
                   A        B        C        D        E       F      G
               +--------+--------+--------+--------+--------+-----+--------+
         Total |   3791 |   3605 |    186 |    261 |   2591 |   7 |  541.6 |
       Dungeon |   3328 |   3142 |    186 |    169 |   2339 |   6 |  554.7 |
         Sewer |    463 |    463 |      0 |     92 |    252 |   1 |  463.0 |
               +--------+--------+--------+--------+--------+-----+--------+

Top non-repeatable levels by time:
     D:2: 1224 daAuts
     D:1: 877 daAuts
     D:3: 610 daAuts
   Sewer: 463 daAuts
     D:4: 286 daAuts
     D:5: 216 daAuts
     D:6: 113 daAuts
